Unix NetHack Version 5.0.0-0 post-release - last build May 23 2026 06:08:33 (1c0ff79ee797540d5714e4e18072db0edd9e58ae,branch:main).

Game began 2026-05-24 22:49:21, ended 2026-05-24 23:13:54.

DoomChicken, chaotic female elven Priestess

                      ----
                      |...
                       ...                 --------------
                        ...                |............|
                         ...              #.............|         ------------
                           ..             #|............|         |`.........|
                            .             #|............|       ##-.)........|
                             .            #----.---------       # |.....))...|
                              ##          ###  ##             ### |.......<..|
                               #            #   ##            #   |..........|
                               #            #    ###########  #   ------------
                            ---|------------#      --------.-##
                            |..............|#      |........|#
                            |...............#B@dd#r.........|#
                            |..............|       |.........#
                            ----------------       +........|
                                                   ----------

DoomChicken the Acolyte      St:18 Dx:10 Co:14 In:10 Wi:17 Ch:9  Chaotic
Dlvl:4  $:52 HP:0(30) Pw:66(66) AC:10 Xp:4 T:1771  Hungry  

Latest messages:
 The giant rat misses the rothe.
 The little dog misses the rothe.
 The little dog misses the rothe.
 The giant rat bites the rothe.
 The little dog misses the rothe.
 The little dog misses the rothe.
 You hear some noises.
 You hear some noises in the distance.
 You are beginning to feel hungry.
 You hear some noises.
 You hear some noises in the distance.
 You turn into a wererat!
 Your movements are slowed slightly because of your load.
 Use the command #monster to summon help.
 You swap places with your little dog.
 It misses Polar.
 You hear some noises in the distance.
 The giant bat just misses!
 The giant bat bites!
 You miss the giant bat.
 The giant bat bites!
 The giant bat just misses!
 You miss the giant bat.
 The giant bat misses!
 The giant bat bites!
 You bite the giant bat.
 The giant bat bites!
 The giant bat misses!
 The giant bat bites!
 You return to elven form!
 Your movements are now unencumbered.
 The giant bat bites!
 The giant bat bites!
 You miss Polar.
 The giant bat bites!
 Polar bites!
 The giant bat bites!
 The little dog misses Polar.
 Are you sure you want to pray? [yn] (n) y
 You begin praying to Loki.
 The giant bat bites!
 The little dog misses Polar.
 Polar bites!
 The giant bat bites!
 You die...
 Do you want your possessions identified? [ynq] (y) y
 Do you want to see your attributes? [ynq] (y) y
 Do you want an account of creatures vanquished? [ynaq] (y) y
 Do you want to see your conduct and achievements? [ynq] (y) y
 Do you want to see the dungeon overview? [ynq] (y) y

Inventory:
 Coins    ('$')
  $ - 52 gold pieces
 Comestibles  ('%')
  C - a food ration
 Rings    ('=')
  E - a ring of cold resistance

DoomChicken the Priestess's attributes:

Background:
 You were an Acolyte, a level 4 elven Priestess.
 You were chaotic, on a mission for Loki
 who was opposed by Tyr (lawful) and Odin (neutral).
 You were right-handed.
 You were in the Dungeons of Doom, on level 4.
 You entered the dungeon 1771 turns ago.
 It was nighttime.
 You had 97 experience points, 63 more were needed to attain level 5.

Basics:
 You had 0 out of 30 hit points.
 You had all 66 energy points (spell power).
 Your armor class was 10.
 Your wallet contained 52 zorkmids.
 Autopickup was on for '?!/"$=+' plus thrown.

Final Characteristics:
 Your strength was 18 (limit:18).
 Your dexterity was 10 (limit:18).
 Your constitution was 14 (limit:16).
 Your intelligence was 10 (limit:20).
 Your wisdom was 17 (limit:20).
 Your charisma was 9 (limit:18).

Final Status:
 You were hungry.
 You were unencumbered.
 You were bare handed.
 You were unskilled in bare handed combat.
 You weren't wearing any armor.

Final Attributes:
 You were devoutly aligned.
 You were sleep resistant.
 You were level-drain resistant.
 You had infravision.
 You were a wererat.
 You were harmed by silver.
 You were unlucky.
 Loki was angry with you.
 You are dead.

Miscellaneous:
 You encountered 1 bones level.
 Total elapsed playing time was 24 minutes and 32 seconds.

Major events:
 Turn
    1: DoomChicken the chaotic elven Priestess entered the dungeon
  898: attained the rank of Acolyte (level 3)
 1073: entered the Gnomish Mines
 1771: killed by a giant bat, while praying

Spells:
 Name                 Level Category     Fail Retention
 light                  1   clerical       0%  91%-100%
 identify               3   divination    96%  76%-100%
 chain lightning        2   attack        67%  76%-100%

Skills:
 Fighting Skills
   bare handed combat [Unskilled]
 Weapon Skills
   club               [Unskilled]
   mace               [Basic]
   morning star       [Unskilled]
   flail              [Unskilled]
   hammer             [Unskilled]
   quarterstaff       [Unskilled]
   polearms           [Unskilled]
   spear              [Unskilled]
   trident            [Unskilled]
   lance              [Unskilled]
   bow                [Unskilled]
   sling              [Unskilled]
   crossbow           [Unskilled]
   dart               [Unskilled]
   shuriken           [Unskilled]
   boomerang          [Unskilled]
   unicorn horn       [Unskilled]
 Spellcasting Skills
   healing spells     [Unskilled]
   divination spells  [Unskilled]
   clerical spells    [Basic]

Voluntary challenges:
 Character rerolling was not enabled.
 You never genocided any monsters.
 You never polymorphed an object.
 You used no wishes.
Achievements:
 You attained the rank of Acolyte.
 You entered the Gnomish Mines.
 You entered a shop.

 The Dungeons of Doom: levels 1 to 4
    Level 1:
       A fountain.
    Level 2:
       An altar, a fountain, a sink.
    Level 3:
       A wand shop, a fountain.
       Stairs down to The Gnomish Mines.
    Level 4: <- You were here.
       A fountain.
       Final resting place for
          you, killed by a giant bat, while praying,
          efot-Arc-Dwa-Fem-Law, killed by a gas spore's explosion.
 The Gnomish Mines:
    Level 4:


Vanquished creatures:
  a homunculus
  a rothe
  a wererat
 an iguana
  2 acid blobs
  a hobbit
  a large kobold
  a green mold
  4 gnomes
  a gnome zombie
  3 jackals
  a fox
  2 kobolds
  a goblin
  a sewer rat
  5 grid bugs
  a lichen
  2 newts
30 creatures vanquished.

No species were genocided or became extinct.

Game over:
                       ----------
                      /          \
                     /    REST    \
                    /      IN      \
                   /     PEACE      \
                  /                  \
                  |   DoomChicken    |
                  |      52 Au       |
                  |   killed by a    |
                  |    giant bat     |
                  |                  |
                  |                  |
                  |       2026       |
                 *|     *  *  *      | *
        _________)/\\_//(\/(/\)/\//\/|_)_______

Goodbye DoomChicken the Priestess...

You died in The Dungeons of Doom on dungeon level 4 with 585 points,
and 52 pieces of gold, after 1771 moves.
You were level 4 with a maximum of 30 hit points when you died.

